 Dungeon Crawl Stone Soup version 0.30-a0-737-gf23d94013f (webtiles) character file.

Game seed: 13050799502273908038

87 Gargoyl the Trooper (level 4, -2/29 HPs)
             Began as a Gargoyle Berserker on Feb 2, 2023.
             Was a Believer of Trog.
             Killed by divine providence
             ... invoked by an orc priest
              (10 damage)
             ... on level 3 of the Dungeon.
             The game lasted 00:02:40 (1950 turns).

Gargoyl the Trooper (Gargoyle Berserker)            Turns: 1950, Time: 00:02:40

Health: -2/29      AC: 12    Str: 20    XL:     4   Next: 51%
Magic:  4/4        EV:  8    Int:  8    God:    Trog [**....]
Gold:   192        SH:  0    Dex: 11    Spells: 3/3 levels left

rFire   . . .      SeeInvis .    a - +0 hand axe
rCold   . . .      Faith    .    (no shield)
rNeg    + . .      Spirit   .    j - +0 chain mail
rPois   ∞          Reflect  .    (no helmet)
rElec   +          Harm     .    (no cloak)
rCorr   .          Rampage  .    (no gloves)
Will    .....                    (no boots) Stlth
                                 (no amulet)
HPRegen 0.24/turn                (no ring)
MPRegen 0.09/turn                (no ring)

@: no status effects
A: sickness immunity, AC +3, negative energy resistance 1, electricity
resistance, torment resistance 1, petrification resistance
a: Renounce Religion, Berserk, Trog's Hand


You were on level 3 of the Dungeon.
You worshipped Trog.
Trog was pleased with you.
You visited 1 branch of the dungeon, and saw 3 of its levels.

You collected 192 gold pieces.

Inventory:

Hand Weapons
 a - a +0 hand axe (weapon)
Missiles
 e - 8 poisoned darts (quivered)
Armour
 j - a +0 chain mail (worn)
Scrolls
 c - a scroll of teleportation
 d - 2 scrolls of enchant weapon
 g - a scroll of identify
 l - a scroll of immolation {unknown}
 n - a scroll of poison {unknown}
 q - a scroll of magic mapping {unknown}
Potions
 b - 2 potions of ambrosia
 f - a potion of curing
 h - a potion of invisibility
 i - a potion of degeneration {unknown}
 k - a potion of haste {unknown}
 m - a potion of attraction {unknown}
 o - a potion of resistance {unknown}
 p - a potion of brilliance {unknown}


   Skills:
 + Level 4.0 Fighting
 * Level 3.9 Axes
 * Level 2.5 Armour
 + Level 1.9 Dodging


You had 3 spell levels left.
You didn't know any spells.
Your spell library was empty.

Dungeon Overview and Level Annotations

Branches:
Dungeon (3/15)

Altars:
Hepliaklqana

Shops:
D:3 :


Innate Abilities, Weirdness & Mutations

You are immune to sickness and miasma.
Your stone body is resilient. (AC +3)
You are immune to poison.
You resist negative energy. (rN+)
You are resistant to electric shocks. (rElec)
You are resistant to unholy torment.
You are immune to petrification.


Message History

The dart slug is severely wounded.
You hit the dart slug.
The dart slug is almost dead.
The dart slug launches a dart at you.
The slug dart hits you but does no damage.
You slash the dart slug!
You kill the dart slug!
Trog accepts your kill.
An orc comes into view. It is wielding a +0 club.
Found a stone staircase leading down.
An orc priest comes into view. It is wielding a +0 club.
The orc priest shouts!
An orc comes into view. It is wielding a +0 club.
An orc priest comes into view. It is wielding a +0 dagger.
The orc hits you but does no damage.
The orc priest shouts!
You slash the orc!
You kill the orc!
Trog accepts your kill.
An orc comes into view. It is wielding a +0 trident.
Things that are here:
a +0 club; an orc corpse The orc closely misses you.
You hit the orc.
The orc is lightly wounded.
The orc closely misses you.
The orc priest calls down the wrath of Beogh upon you.
Beogh smites you! The orc hits you but does no damage.
The orc priest calls down the wrath of Beogh upon you.
Beogh smites you!
Ouch! That really hurt!
* * * LOW HITPOINT WARNING * * *
You barely miss the orc.
The orc is lightly wounded.
The orc hits you but does no damage. The orc closely misses you.
Okay, then.
You feel better. The orc closely misses you.
The orc priest calls down the wrath of Beogh upon you.
Beogh smites you!
You die... #.. # #.# .# ####.###. ....... ..... ooo

#o# #@# #)#
.#######.###.##
............>...
.##.#...##......
#.#.#.# ......
#.#.#.# #.###
#.....# .#
####### #.#####
.


You could see 2 orc priests and 2 orcs.

Vanquished Creatures
  3 adders
  4 dart slugs
  5 orcs (D:3)
  3 bats (D:2)
  3 endoplasms (D:2)
  A giant cockroach (D:3)
  5 goblins
  4 hobgoblins
  A quokka (D:1)
  3 ball pythons
  3 frilled lizards
  7 kobolds
  6 rats
48 creatures vanquished.

Notes
Turn   | Place    | Note
-------+----------+-------------------------------------------
     0 | D:1      | Gargoyl the Gargoyle Berserker began the quest for the Orb.
     0 | D:1      | Reached XP level 1. HP: 14/14 MP: 1/1
   270 | D:1      | Reached XP level 2. HP: 19/19 MP: 2/2
   870 | D:2      | Reached XP level 3. HP: 15/24 MP: 3/3
   944 | D:2      | Reached skill level 4 in Fighting
  1130 | D:2      | Reached ** piety under Trog
  1613 | D:2      | Reached XP level 4. HP: 25/29 MP: 4/4
  1838 | D:3      | Found Xotyamp's Book Emporium.
  1903 | D:3      | Found a hazy altar of Hepliaklqana.
  1948 | D:3      | HP: 1/29 [orc priest/divine providence (15)]
  1950 | D:3      | Killed from afar by an orc priest

Illustrated notes

Levels and vault maps discovered:
D:1:      tarquinn_simple_flora_water_a, layout_loops_ring,
          hangedman_abyss_or_decor_lesser_grid, minmay_tiny_reverse_x
D:2:      layout_loops_ring
D:3:      layout_basic, overflow_temple_1_default, nicolae_ashenzari_skybound,
          serial_shops, nicolae_shop_crystal

Skill      XL: |  1  2  3 |
---------------+----------+-----
Axes           | 3 |  3.9
Fighting       | 4 |  4.0
Armour         | |  2.5
Dodging        | |  1.9

Action                     |  1- 3 |  4- 6 || total
---------------------------+-------+-------++-------
  Melee: Hand axe          |    77 |    37 ||   114
 Invoke: Berserk           |     1 |     1 ||     2
         Trog's Hand       |       |     1 ||     1
    Use: Scroll            |     7 |       ||     7
         Potion            |       |     1 ||     1
   Stab: Sleeping          |     1 |       ||     1
 Armour: Animal skin       |    23 |       ||    23
         Scale mail        |     8 |     5 ||    13
         Chain mail        |       |    12 ||    12
  Dodge: Dodged            |    46 |    16 ||    62

Table legend: (Time is in decaauts)
 A = Elapsed time spent in this place.
 B = Non-inter-level travel time spent in this place.
 C = Inter-level travel time spent in this place.
 D = Time resting spent in this place.
 E = Time spent auto-exploring this place.
 F = Levels seen in this place.
 G = Mean time per level.
                   A        B        C        D        E       F      G
               +--------+--------+--------+--------+--------+-----+--------+
         Total |   1978 |   1882 |     96 |      0 |   1423 |   3 |  659.3 |
       Dungeon |   1978 |   1882 |     96 |      0 |   1423 |   3 |  659.3 |
               +--------+--------+--------+--------+--------+-----+--------+

Top non-repeatable levels by time:
     D:2: 903 daAuts
     D:1: 873 daAuts
     D:3: 201 daAuts
